Map: Eternal Empire LE

Players

vhapteR

  • Race: Protoss Protoss
  • League: Diamond
  • Spawn Location: 1:00

PwTelivolts - Winner!

  • Race: Zerg Zerg
  • League: Diamond
  • Spawn Location: 7:00

VOD

Have the link to the VOD?

Description

Time

  • Played on: March 30, 2020, 7:17 p.m.
  • Length: 17:55
Show
View Real Time Build Order
Export as new Build Order

vhapteR Protoss 

Build Orders: 1 Gate Expand, Phoenix Opening 

Get SALT Encoding   

  12  0:01  Probe  
  13  0:13  Probe  
  14  0:19  Pylon  
  14  0:25  Probe  
  15  0:37  Probe (Chrono Boost)  
  15  0:39  Gateway  
  16  0:46  Probe (Chrono Boost)  
  17  0:52  Assimilator  
  17  0:55  Probe  
  18  1:07  Probe  
  19  1:19  Probe  
  20  1:30  Nexus  
  20  1:38  Cybernetics Core  
  20  1:41  Probe  
  20  1:45  Assimilator  
  21  1:53  Probe  
  22  1:55  Pylon  
  22  2:06  Probe  
  23  2:14  Sentry (Chrono Boost)  
  25  2:18  Probe  
  25  2:21  Warp Gate  
  26  2:28  Stalker (Chrono Boost)  
  26  2:30  Probe  
  29  2:37  Gateway  
  29  2:42  Probe (Chrono Boost)  
  29  2:43  Phoenix  
  31  2:47  Probe (Chrono Boost)  
  31  2:51  Robotics Facility  
  31  2:54  Probe (Chrono Boost)  
  31  2:56  Probe (Chrono Boost)  
  33  3:04  Pylon  
  33  3:05  Probe  
  34  3:06  Probe  
  35  3:21  Sentry  
  35  3:22  Probe  
  35  3:23  Probe  
  39  3:34  Probe  
  39  3:35  Probe  
  39  3:37  Warp Prism (Chrono Boost)  
  39  3:39  Sentry  
  45  3:53  Gateway  
  45  3:56  Gateway  
  45  3:57  Pylon  
  45  3:59  Probe  
  45  4:00  Probe  
  47  4:06  Immortal (Chrono Boost)  
  51  4:11  Probe  
  51  4:12  Probe  
  53  4:19  Adept  
  53  4:20  Stalker  
  57  4:30  Gateway  
  57  4:33  Gateway  
  57  4:35  Immortal (Chrono Boost)  
  61  4:40  Gateway  
  59  5:01  Pylon  
  59  5:03  Pylon  
  59  5:11  Pylon  
  59  5:13  Pylon  
  59  5:18  Immortal (Chrono Boost), Sentry  
  59  5:20  Pylon  
  65  5:25  Pylon  
  65  5:30  Zealot x5  
  65  5:35  Sentry  
  77  5:49  Observer  
  77  5:52  Pylon  
  78  5:58  Sentry  
  78  6:02  Zealot, Sentry  
  78  6:03  Zealot x4  
  91  6:18  Pylon x2  
  89  6:20  Pylon  
  89  6:29  Zealot  
  89  6:30  Zealot x6  
  45  6:53  Zealot x6  
  45  6:54  Zealot  
  47  7:18  Probe  
  47  7:19  Probe  
  47  7:21  Assimilator  
  47  7:22  Twilight Council  
  41  7:25  Assimilator  
  41  7:26  Forge  
  41  7:30  Probe, Pylon  
  41  7:31  Probe  
  41  7:34  Warp Prism (Chrono Boost), Pylon  
  43  7:39  Zealot x3  
  43  7:44  Probe x2  
  53  8:01  Stargate  
  53  8:02  Shield Battery  
  53  8:03  Observer  
  53  8:05  Shield Battery  
  53  8:06  Stargate  
  53  8:09  Photon Cannon  
  53  8:24  Observer  
  54  8:29  Zealot x5  
  54  8:30  Zealot  
  66  8:39  Photon Cannon  
  66  8:43  Photon Cannon  
  66  8:46  Photon Cannon  
  66  8:56  Phoenix x2 (Chrono Boost)  
  52  9:18  Phoenix x2 (Chrono Boost)  
  52  9:22  Zealot  
  52  9:23  Zealot  
  60  9:27  Zealot x3  
  60  9:29  Zealot  
  68  9:32  Zealot  
  70  9:41  Phoenix (Chrono Boost)  
  64  9:49  Phoenix (Chrono Boost)  
  62  10:04  Phoenix  
  64  10:08  Phoenix  
  66  10:25  Nexus  
  66  10:28  Pylon  
  66  10:32  Pylon  
  70  10:44  Phoenix x2  
  70  10:53  Templar Archives  
  70  10:54  Probe x2  
  72  11:17  Zealot x5  
  75  11:35  High Templar x2  
  73  11:41  Archon  
  73  11:42  Zealot x2  
  73  11:43  Zealot x3  
  83  11:57  Nexus  
  83  11:58  Pylon  
  83  12:02  Pylon  
  83  12:04  Pylon  
  83  12:07  Pylon  
  81  12:22  Probe x2  
  83  12:24  Assimilator  
  83  12:25  High Templar x2  
  83  12:26  High Templar x5  
  83  12:28  Assimilator  
  97  12:34  Probe x2  
  99  12:46  Probe x2  
  99  12:47  Archon  
  99  12:48  Archon x2  
  101  12:55  Protoss Ground Weapons Level 1 (Chrono Boost)  
  101  12:59  Charge  
  101  13:01  High Templar x2  
  101  13:02  High Templar  
  107  13:06  Archon  
  107  13:07  Archon  
  107  13:08  Zealot x2  
  107  13:09  Zealot  
  107  13:11  Probe x3  
  116  13:23  Psionic Storm, Probe x2  
  118  13:28  Warp Prism  
  118  13:31  Probe  
  121  13:35  Probe  
  121  13:40  Zealot  
  124  13:42  Zealot  
  124  13:46  Zealot  
  128  14:06  Zealot  
  128  14:08  High Templar x3, Nexus  
  136  14:11  Pylon  
  136  14:12  High Templar  
  138  14:21  Pylon  
  138  14:29  Archon  
  138  14:30  Archon  
  136  14:35  Zealot  
  136  14:36  Stalker  
  136  14:37  Zealot  
  116  14:54  Observer (Chrono Boost)  
  108  15:01  Zealot x5  
  109  15:13  Zealot x2  
Show
View Real Time Build Order
Export as new Build Order

PwTelivolts Zerg - Winner!

Build Orders: Hatch First, Lurkers 

Get SALT Encoding   

  12  0:01  Drone  
  13  0:13  Overlord  
  13  0:18  Drone  
  14  0:32  Drone x2  
  14  0:35  Drone  
  17  0:55  Hatchery  
  16  0:58  Drone  
  16  0:59  Drone  
  18  1:14  Spawning Pool  
  17  1:36  Hatchery  
  16  1:47  Drone x3  
  19  1:59  Drone  
  19  2:01  Queen  
  20  2:07  Queen  
  24  2:12  Drone  
  24  2:13  Drone  
  26  2:18  Drone  
  26  2:21  Drone  
  28  2:30  Overlord  
  28  2:35  Extractor x2, Drone  
  27  2:47  Queen x2  
  27  2:50  Drone  
  32  2:53  Drone  
  33  2:59  Drone  
  33  3:00  Drone x2  
  33  3:03  Drone  
  37  3:08  Drone  
  37  3:11  Overlord  
  38  3:18  Overlord  
  38  3:22  Metabolic Boost  
  38  3:31  Drone x3  
  38  3:32  Drone  
  42  3:35  Drone x2  
  44  3:41  Drone x2  
  44  3:47  Lair  
  46  3:53  Baneling Nest  
  45  3:57  Drone x3  
  48  4:11  Zergling x2  
  48  4:12  Zergling x6  
  48  4:15  Zergling x2  
  48  4:16  Zergling x10  
  58  4:23  Overlord  
  58  4:24  Overlord  
  58  4:32  Overlord  
  58  4:40  Overlord x3  
  58  4:42  Zergling x4  
  58  4:44  Zergling x4  
  62  4:47  Zergling x4  
  62  4:52  Overseer  
  63  4:54  Overseer  
  63  4:55  Zergling x8  
  63  4:59  Zergling x4  
  69  5:04  Baneling  
  69  5:09  Drone  
  69  5:10  Extractor, Drone x2, Zergling x4  
  73  5:16  Spore Crawler  
  73  5:17  Zergling x4  
  74  5:25  Drone x2  
  74  5:27  Queen  
  78  5:29  Zergling x8  
  78  5:33  Zergling x4  
  84  5:45  Zergling x4  
  84  5:46  Spire, Zergling x2  
  86  5:52  Zergling x2  
  87  5:59  Zergling x4  
  87  6:00  Zergling x2  
  90  6:08  Zergling x2  
  90  6:09  Zergling x2  
  92  6:13  Baneling x5  
  92  6:14  Baneling x17  
  92  6:15  Baneling  
  91  6:19  Zergling x4  
  93  6:29  Overlord x2  
  93  6:30  Zergling x6  
  67  6:42  Zergling x4  
  67  6:44  Zergling x4  
  66  6:55  Zergling x6  
  66  6:56  Zergling x2  
  66  6:58  Baneling x12  
  66  7:00  Zergling x6  
  66  7:01  Zergling x2  
  74  7:03  Zergling x4  
  74  7:06  Mutalisk  
  72  7:16  Zergling x4  
  72  7:17  Zergling x8  
  76  7:25  Zergling x4  
  76  7:29  Drone x2  
  80  7:30  Extractor  
  80  7:36  Mutalisk x2  
  81  7:41  Drone x3  
  86  7:44  Mutalisk  
  88  7:53  Mutalisk  
  90  7:59  Drone x4  
  90  8:00  Drone  
  90  8:03  Mutalisk  
  97  8:08  Zergling x4  
  99  8:15  Zergling x2  
  99  8:16  Zergling x2  
  101  8:32  Mutalisk x3  
  101  8:33  Drone x2  
  101  8:34  Drone x3  
  112  8:37  Roach Warren  
  111  8:44  Drone x2  
  111  8:46  Extractor x2  
  111  8:49  Mutalisk, Evolution Chamber  
  111  8:54  Overlord x4  
  112  8:56  Overlord x2, Drone  
  109  9:37  Hatchery  
  109  9:38  Zergling x6  
  110  9:39  Zergling x10  
  116  9:50  Zergling x2  
  116  9:51  Zergling x4  
  119  10:00  Drone x3  
  119  10:02  Drone  
  119  10:03  Overlord x2, Drone x3  
  119  10:04  Drone x2  
  119  10:07  Glial Reconstitution  
  128  10:08  Zerg Missile Weapons Level 1  
  128  10:22  Baneling  
  128  10:23  Overlord x3, Baneling x15  
  128  10:24  Overlord x2  
  128  10:37  Extractor  
  128  10:40  Spore Crawler  
  128  10:41  Extractor  
  128  10:42  Spore Crawler x2  
  121  10:44  Corruptor x3  
  127  10:50  Corruptor  
  127  11:08  Drone x14  
  136  11:19  Hydralisk Den, Roach x3  
  136  11:37  Roach  
  136  11:38  Roach x8  
  153  11:40  Roach  
  155  11:50  Roach x3  
  155  11:51  Roach, Grooved Spines  
  155  11:52  Hydralisk  
  165  11:54  Hydralisk  
  165  11:56  Hydralisk  
  169  12:02  Hydralisk x2  
  169  12:06  Zerg Ground Armor Level 1  
  171  12:14  Hydralisk x3  
  169  12:24  Hydralisk x4  
  169  12:25  Hydralisk x2  
  181  12:36  Hydralisk x3  
  181  12:37  Hydralisk x2  
  186  12:52  Hydralisk  
  186  12:53  Hydralisk x2  
  190  12:59  Lurker Den  
  190  13:01  Hydralisk  
  190  13:03  Overlord  
  190  13:04  Overlord x2  
  191  13:07  Overlord x3  
  191  13:17  Spine Crawler  
  191  13:18  Spine Crawler, Drone  
  191  13:19  Spine Crawler, Drone x2  
  191  13:20  Overlord  
  191  13:25  Baneling  
  191  13:26  Baneling x8  
  191  13:27  Baneling  
  191  13:30  Muscular Augments  
  191  14:08  Lurker x10  
  191  14:09  Lurker  
  200  14:16  Hatchery  
  200  14:17  Zerg Missile Weapons Level 2  
  195  14:33  Hydralisk x2  
  195  14:34  Corruptor  
  197  14:47  Hydralisk x2  
  195  14:59  Hydralisk x3  
  197  15:03  Hydralisk  
  198  15:09  Infestation Pit  
  196  15:19  Hydralisk  
  196  15:20  Hydralisk x5  
  199  15:22  Hydralisk  
  199  15:23  Hydralisk x5  
  199  15:24  Overlord  
  199  15:25  Overlord, Hydralisk  
  199  15:51  Overlord  
  199  15:52  Overlord  
  197  16:01  Hydralisk  
  197  16:02  Hydralisk  
  197  16:17  Hydralisk x2  
  199  17:53  Spore Crawler  
Tags
 
Add a new tag
Caveats
  • Supply blocks, unpowered buildings, or Contaminate may cause inaccurate times.
  • Supply counts are checked every 10 seconds.